 Dungeon Crawl Stone Soup version 0.30-a0-1075-gcd70e7a56d (webtiles) character file.

Game seed: 5544326744693732715

305 Aneyh the Trooper (level 6, -4/40 HPs)
             Began as a Tengu Fighter on Apr 15, 2023.
             Killed by divine providence
             ... invoked by an orc priest
              (13 damage)
             ... on level 5 of the Dungeon.
             The game lasted 00:04:19 (3360 turns).

Aneyh the Trooper (Tengu Fighter)                   Turns: 3360, Time: 00:04:19

Health: -4/40      AC:  8    Str: 23    XL:     6   Next: 39%
Magic:  7/7        EV: 11    Int:  8    God:
Gold:   228        SH:  0    Dex: 13    Spells: 5/5 levels left

rFire   . . .      SeeInvis .    a - +5 great sword "Vamoas" {freeze, rElec Str+4}
rCold   . . .      Faith    .    (shield currently unavailable)
rNeg    . . .      Spirit   .    p - +0 scale mail
rPois   .          Reflect  .    (helmet restricted)
rElec   +          Rampage  .    x - scarf {+Inv}
rCorr   .                        f - +0 pair of gloves
Will    .....                    (boots unavailable) Stlth
                                 (no amulet)
HPRegen 0.26/turn                (no ring)
MPRegen 0.10/turn                (no ring)

@: flying quickly and evasively, quick
A: beak, talons 3, nimble flight
a: Evoke Invisibility


You were on level 5 of the Dungeon.
You visited 1 branch of the dungeon, and saw 5 of its levels.

You collected 228 gold pieces.

Inventory:

Hand Weapons
 a - the +5 great sword "Vamoas" (weapon) {freeze, rElec Str+4}
   (You found it on level 3 of the Dungeon)

   Str:       It affects your strength (+4).
   rElec:     It insulates you from electricity.
 b - a +3 sling
 s - a +0 rapier
Missiles
 u - a throwing net
Armour
 c - a +0 buckler
 f - a +0 pair of gloves (worn)
 o - a +1 leather armour of poison resistance
 p - a +0 scale mail (worn)
 x - a scarf of invisibility (worn)
Jewellery
 g - a +4 ring of protection
 k - a +5 ring of evasion
 z - a +6 ring of intelligence
Scrolls
 h - 3 scrolls of noise {unknown}
 i - 9 scrolls of identify {unknown}
 l - 3 scrolls of fog {unknown}
 q - 2 scrolls of magic mapping {unknown}
 t - a scroll of amnesia {unknown}
 v - 4 scrolls of enchant weapon {unknown}
 w - a scroll of summoning {unknown}
 y - 2 scrolls of teleportation {unknown}
Potions
 d - 2 potions of might
 e - a potion of degeneration {unknown}
 j - a potion of magic {unknown}
 m - 6 potions of curing {unknown}
 n - a potion of heal wounds {unknown}
 r - 2 potions of flight {unknown}


   Skills:
 * Level 5.1 Fighting
 - Level 3.0(3.5) Short Blades
 + Level 2.6(3.3) Long Blades
 + Level 4.9 Armour
 - Level 3.0 Shields


You had 5 spell levels left.
You didn't know any spells.
Your spell library contained the following spells:

 Spells                   Type           Power      Damage    Failure   Level
 Magic Dart               Conj           0%         1d3       71%         1
 Poisonous Vapours        Pois/Air       0%         N/A       85%         2
 Searing Ray              Conj           0%         2d4       85%         2
 Mephitic Cloud           Conj/Pois/Air  0%         N/A       97%         3
 Fulminant Prism          Conj/Hex       0%         3d5       100%        4
 Freezing Cloud           Conj/Ice/Air   0%         6-21      100%        5


Dungeon Overview and Level Annotations

Branches:
Dungeon (5/15)
 Temple: D:4-7

Altars:
Cheibriados
Dithmenos
Qazlal
Ru
Sif Muna
Vehumet
Xom
Yredelemnul
The Shining One

Shops:
D:3 [[?!

Annotations:
D:3 2 transporters


Innate Abilities, Weirdness & Mutations

You have a beak for a mouth.
You have claws for feet.
Your magical nature lets you fly swiftly and evasively.


Message History

An orc wizard comes into view. It is wielding a +0 dagger.
Found 8 gold pieces.
An orc wizard is nearby!
The orc wizard casts a spell.
The orc wizard flickers and vanishes!
Deactivating autopickup; reactivate with Ctrl-A.
You hear a shout! x2
You see here 8 gold pieces.
No target in view!
No target in view!
You hear a shout! x2
You slash something! You freeze something.
Reactivating autopickup.
You feel a bit more experienced.
An orc priest comes into view. It is wielding a +0 hand axe.
Your Fighting skill increases to level 5!
Things that are here:
a +0 dagger; a +0 robe An orc priest comes into view.
It is wielding a +0 flail.
The orc priest shouts!
The orc priest calls down the wrath of Beogh upon you.
Pain shoots through your body!
An orc priest comes into view. It is wielding a +0 flail.
You slash the orc priest! You freeze the orc priest.
The orc priest is severely wounded.
The orc priest begins to cast a cantrip, but forgets the words!
You slash the orc priest! You freeze the orc priest. You claw the orc priest.
You kill the orc priest!
The orc priest mumbles some strange prayers to Beogh against you.
Pain shoots through your body!
You closely miss the orc priest. Your kick misses the orc priest.
The orc priest is severely wounded.
The orc priest mumbles some strange prayers to Beogh against you.
Pain shoots through your body!
The orc priest hits you with a +0 flail.
* * * LOW HITPOINT WARNING * * *
An orc comes into view. It is wielding a +0 club.
The orc priest calls down the wrath of Beogh upon you.
Beogh smites you!
You die...

#.......# #.####..#
#########.####..##.##
#......##.##.........
#.##.#.......#.......
#$#.##.###...##.##
#.#.##....#..# )).
#)#.######.#.# ..
#@#.# . .# # #.ooo..#
. .# ####.### .. ..
#.# ... ... ... #####


You could see 2 orc priests and an orc.

Vanquished Creatures
  2 hounds (D:4)
  An orc priest (D:5)
  Jessica (D:3)
  An iguana (D:4)
  An orc wizard (D:5)
  Robin (D:1)
  5 adders
  A dart slug (D:4)
  5 orcs (D:4)
  4 bats
  5 endoplasms
  3 giant cockroaches
  15 goblins
  7 hobgoblins
  3 jackals (D:2)
  2 quokkas (D:2)
  6 ball pythons
  6 frilled lizards (D:1)
  5 kobolds
  3 rats
77 creatures vanquished.

Notes
Turn   | Place    | Note
-------+----------+-------------------------------------------
     0 | D:1      | Aneyh the Tengu Fighter began the quest for the Orb.
     0 | D:1      | Reached XP level 1. HP: 14/14 MP: 2/2
   130 | D:1      | Reached XP level 2. HP: 12/19 MP: 3/3
   325 | D:1      | Reached XP level 3. HP: 21/23 MP: 4/4
   713 | D:2      | Identified the +0 helmet of the Echidna {SInv}
   713 | D:2      | Noticed Robin
  1095 | D:1      | Killed Robin
  1096 | D:1      | Reached XP level 4. HP: 11/29 MP: 5/5
  1375 | D:2      | Found a faded altar of an unknown god.
  1744 | D:3      | Found Liatest's Magic Scroll Shoppe.
  1788 | D:3      | Found a transporter.
  1809 | D:3      | Found a transporter.
  1834 | D:3      | Found Dogikhla's Distillery.
  1946 | D:3      | Identified the +5 great sword "Vamoas" {freeze, rElec
                  | Str+4}
  1964 | D:3      | Found Daugyribua's Armour Shoppe.
  2207 | D:3      | Found a stormy altar of Qazlal.
  2207 | D:3      | Found a shadowy altar of Dithmenos.
  2212 | D:3      | Found a shimmering blue altar of Sif Muna.
  2214 | D:3      | Found a basalt altar of Yredelemnul.
  2218 | D:3      | Noticed Jessica
  2220 | D:3      | Reached skill level 4 in Fighting
  2220 | D:3      | Found a shimmering altar of Xom.
  2220 | D:3      | Found a sacrificial altar of Ru.
  2223 | D:3      | Killed Jessica
  2226 | D:3      | Found a snail-covered altar of Cheibriados.
  2234 | D:3      | Found a glowing golden altar of the Shining One.
  2236 | D:3      | Found a radiant altar of Vehumet.
  2334 | D:3      | Found Zaofokhluuxt's Antique Armour Boutique.
  2348 | D:3      | Gained mutation: Your magical nature lets you fly swiftly
                  | and evasively. [Tengu growth]
  2348 | D:3      | Reached XP level 5. HP: 34/34 MP: 6/6
  2710 | D:4      | Reached skill level 1 in Long Blades
  3055 | D:4      | Reached XP level 6. HP: 34/40 MP: 7/7
  3295 | D:5      | Entered Level 5 of the Dungeon
  3356 | D:5      | Reached skill level 5 in Fighting
  3360 | D:5      | Killed from afar by an orc priest

Illustrated notes

Levels and vault maps discovered:
D:1:      minmay_arrival_four_loops, layout_loops_ring, minmay_lizard_pond
D:2:      layout_basic, ebering_ecumenical_altar_rust, uniq_robin
D:3:      gammafunk_steamed_eel, layout_loops_corners,
          nicolae_overflow_hallway_of_the_gods, serial_shops, shop, shop,
          nicolae_shop_temple_entry_statues_fountains, shop, uniq_jessica
D:4:      layout_loops_cross
D:5:      layout_loops_cross, grunt_tough_drop, uniq_ijyb, uniq_edmund

Skill      XL: |  1  2  3  4  5  6 |
---------------+-------------------+-----
Short Blades   | 3 |  3.0
Armour         | 4 |  4.9
Fighting       | 4 5 |  5.1
Long Blades    | 2 |  2.6
Shields        | |  3.0

Action                     |  1- 3 |  4- 6 || total
---------------------------+-------+-------++-------
  Melee: Rapier            |    97 |     8 ||   105
         Kick              |    16 |    12 ||    28
         Peck              |     6 |     6 ||    12
         Great sword       |       |    51 ||    51
   Fire: Sling             |       |    15 ||    15
 Armour: Scale mail        |    54 |    32 ||    86
  Dodge: Dodged            |    27 |    37 ||    64
  Block: Buckler           |    30 |       ||    30

Table legend: (Time is in decaauts)
 A = Elapsed time spent in this place.
 B = Non-inter-level travel time spent in this place.
 C = Inter-level travel time spent in this place.
 D = Time resting spent in this place.
 E = Time spent auto-exploring this place.
 F = Levels seen in this place.
 G = Mean time per level.
                   A        B        C        D        E       F      G
               +--------+--------+--------+--------+--------+-----+--------+
         Total |   3322 |   3137 |    185 |    362 |   2272 |   5 |  664.4 |
       Dungeon |   3322 |   3137 |    185 |    362 |   2272 |   5 |  664.4 |
               +--------+--------+--------+--------+--------+-----+--------+

Top non-repeatable levels by time:
     D:1: 1030 daAuts
     D:3: 839 daAuts
     D:2: 728 daAuts
     D:4: 662 daAuts
     D:5: 60 daAuts
